cohdb
Replays
Latest Replays
All Replays
Popular Replays
Top Player Replays
Match Explorer
How It Works
Community
CoH3 Stats
Reddit
Sign in to upload your games and track your stats! →
Sign in with Steam
Match 41899869
Unlisted
Match 41899869
Overview
Messages
Build Orders
End
Construct Barracks
Riflemen Squad
Riflemen Squad
M1 Mortar Team
Riflemen Squad
Construct Medical Station
Selects Advanced Infantry Battlegroup
Infantry Support Center
Grenade Package
Selects Convert to Ranger Squad
Selects Frontline Medical Station
Frontline Medical Station
Convert to Ranger Squad
Engineer Squad
Convert to Ranger Squad
Selects Ranger Weapon Training
Construct Tank Depot
Selects Ranger Weapon Training
Selects Ammunition Storage
Selects M2A1 105mm Howitzer Emplacement
M4A1 Sherman Medium Tank
Frontline Medical Station
Convert to Ranger Squad
Selects 155mm Rapid Artillery Barrage
M1 Mortar Team
Riflemen Squad
Engineer Squad
M18 Hellcat Tank Destroyer
Dan
[Streng-Geheim]
Mattie
Bruckley
Hareun
RAZER
kenleung
いきざま
0
0
Comments
sign in to comment!
No comments posted yet!